 Dungeon Crawl Stone Soup version 0.29.0-13-gc9e81de378 (webtiles) character file.

Game seed: 13583548164414731223

160 RascalDebosk the Cudgeller (level 5, 0/50 HPs)
             Began as a Troll Gladiator on Sept 9, 2022.
             Succumbed to an adder's poison
             ... on level 4 of the Dungeon.
             The game lasted 00:14:59 (2130 turns).

RascalDebosk the Cudgeller (Troll Gladiator)        Turns: 2130, Time: 00:15:00

Health: 0/50       AC:  5    Str: 22    XL:     5   Next: 17%
Magic:  4/4        EV: 10    Int:  6    God:
Gold:   9          SH:  5    Dex: 11    Spells: 4/4 levels left

rFire   . . .      SeeInvis .   a - +0 flail
rCold   . . .      Faith    .   (no shield)
rNeg    . . .      Spirit   .   p - +0 robe
rPois   .          Reflect  +   c - +0 hat
rElec   .          Harm     .   b - +0 cloak
rCorr   .          Rampage  .   (gloves unavailable)
Will    .....                   (boots unavailable)
Stlth   +.........              h - amulet of reflection
HPRegen 0.96/turn               (no ring)
MPRegen 0.09/turn               (no ring)

@: lethally poisoned (0 -> -1)
A: large, unfitting armour, claws 3, regeneration 1, shaggy fur 1, tough skin 1
a: no special abilities


You were on level 4 of the Dungeon.
You visited 1 branch of the dungeon, and saw 4 of its levels.

You collected 135 gold pieces.
You spent 126 gold pieces at shops.

Inventory:

Hand Weapons
 a - a +0 flail (weapon)
Missiles
 d - 3 throwing nets (quivered)
 e - a large rock
Armour
 b - a +0 cloak (worn)
 c - a +0 hat (worn)
 p - a +0 robe (worn)
Jewellery
 h - an amulet of reflection (around neck)
Scrolls
 f - 2 scrolls of immolation {unknown}
 g - 3 scrolls of teleportation {unknown}
 i - 2 scrolls of blinking {unknown}
 j - 4 scrolls of identify {unknown}
 m - a scroll of acquirement {unknown}
 r - a scroll of amnesia {unknown}
 s - a scroll of magic mapping {unknown}
 t - a scroll of enchant armour
 u - a scroll of butterflies
Potions
 k - 2 potions of cancellation {unknown}
 l - a potion of curing {unknown}
 n - a potion of lignification {unknown}
 o - a potion of flight {unknown}
 q - a potion of magic {unknown}


   Skills:
 + Level 2.5 Fighting
 + Level 3.5 Maces & Flails
 + Level 2.9 Throwing
 + Level 3.2 Dodging


You had 4 spell levels left.
You didn't know any spells.
Your spell library was empty.

Dungeon Overview and Level Annotations

Branches:
Dungeon (4/15)
 Temple: D:4-7

Altars:
Sif Muna

Shops:
D:1 :   D:3 *


Innate Abilities, Weirdness & Mutations

You are too large for most types of armour.
You have claws for hands.
Your natural rate of healing is unusually fast.
You are covered in fur. (AC +1)
You have tough skin. (AC +1)


Message History

You sock the steam dragon!
The steam dragon is heavily wounded.
You are engulfed in a cloud of scalding steam.
The adder closely misses you. The steam dragon bites you.
You block the steam dragon's attack.
The goblin is engulfed in a cloud of scalding steam.
The goblin dies!
The adder misses you.
You hit the steam dragon.
The steam dragon is severely wounded.
You block the adder's attack. The steam dragon closely misses you.
The steam dragon claws you. The adder closely misses you.
You hit the steam dragon.
The steam dragon is severely wounded.
The steam dragon bites you.
The steam dragon claws you but does no damage.
The adder barely misses you. The steam dragon closely misses you.
You block the steam dragon's attack. The goblin hits you but does no damage.
You hit the steam dragon.
The steam dragon is severely wounded.
The adder bites you.
You are poisoned.
The adder poisons you! The steam dragon breathes steam at you.
The ball of steam misses you. The goblin hits you but does no damage.
You block the adder's attack.
You barely miss the steam dragon.
The steam dragon is severely wounded.
You feel sick.
The adder is engulfed in a cloud of scalding steam.
The adder bites you but does no damage. The steam dragon bites you.
* * * LOW HITPOINT WARNING * * *
The steam dragon claws you but does no damage.
The goblin is engulfed in a cloud of scalding steam.
The goblin dies!
You hit the steam dragon.
The steam dragon is almost dead.
You are engulfed in a cloud of scalding steam.
* * * LOW HITPOINT WARNING * * *
You die...

..>.# .. ......
... .... .... .
...######..#
...##...#.#...#
.......§§§....#.
....#.§........
........§§....#
......§§@.....#
......o)DS.....#
.......§§§......
............#...
............# ..
...#...#..... .
###...#......
#....#....#.


You could see a steam dragon (catching breath), an adder and an orc.

Vanquished Creatures
  An orc wizard (D:2)
  4 gnolls (D:3)
  5 adders
  A worm (D:2)
  2 orcs (D:2)
  5 endoplasms
  A giant cockroach (D:2)
  4 goblins
  6 hobgoblins
  2 jackals (D:2)
  2 quokkas
  A ball python (D:3)
  5 bats
  2 frilled lizards
  5 kobolds
  3 rats (D:2)
49 creatures vanquished.

Vanquished Creatures (others)
  2 goblins (D:4)
2 creatures vanquished.

Grand Total: 51 creatures vanquished

Notes
Turn   | Place    | Note
-------+----------+-------------------------------------------
     0 | D:1      | RascalDebosk the Troll Gladiator began the quest for the
                  | Orb.
     0 | D:1      | Reached XP level 1. HP: 19/19 MP: 0/0
   142 | D:1      | Found Kaweuz's Book Boutique.
   242 | D:1      | You fall into a shaft and drop 1 floor!
   242 | D:2      | Found a faded altar of an unknown god.
   258 | D:2      | Reached XP level 2. HP: 18/28 MP: 1/1
   415 | D:2      | Reached XP level 3. HP: 17/35 MP: 2/2
   558 | D:2      | Reached XP level 4. HP: 42/42 MP: 3/3
  1540 | D:3      | Found a shimmering blue altar of Sif Muna.
  1673 | D:3      | Reached XP level 5. HP: 48/50 MP: 4/4
  1947 | D:3      | Found Higaecol's General Store.
  1953 | D:3      | Bought a scroll of enchant armour for 82 gold pieces
  1953 | D:3      | Bought a scroll of butterflies for 44 gold pieces
  2115 | D:4      | Noticed a steam dragon
  2130 | D:4      | HP: 1/50 [steam dragon] (13)]
  2130 | D:4      | Succumbed to an adder's poison

Illustrated notes

Levels and vault maps discovered:
D:1:      heliophobic_arrival_dark_side_of_the_moon, layout_basic, serial_shops,
          nicolae_shop_competitors_out_of_business
D:2:      layout_basic, basic_ecumenical_altar, glass_columns_a, minmay_unequal
D:3:      layout_basic, mainiacjoe_overflow_brackets, serial_shops, shop
D:4:      layout_cave_pools, marbit_many_paths, grunt_gozag_statues, uniq_pikel,
          uniq_ijyb

Skill      XL: |  1  2  3  4 |
---------------+-------------+-----
Throwing       | 2 |  2.9
Maces & Flails | 3 |  3.5
Fighting       | 2 |  2.5
Dodging        | 3 |  3.2

Action                   |  1- 3 |  4- 6 || total
-------------------------+-------+-------++-------
Melee: Flail             |    73 |   130 ||   203
Throw: Throwing net      |       |     1 ||     1
 Stab: Sleeping          |     1 |       ||     1
Armor: Robe              |    39 |    43 ||    82
Dodge: Dodged            |    63 |    84 ||   147
Block: Other             |       |    30 ||    30
       Reflection        |       |     1 ||     1
